 Dungeon Crawl Stone Soup version 0.31-a0-1308-ga3cce3a448 (webtiles) character file.

Game seed: 9801996240581768438

74 IdlyInterested the Trooper (level 4, -2/37 HPs)
             Began as a Demonspawn Fighter on Dec 19, 2023.
             Slain by a gnoll
             ... wielding a +0 whip of electrocution
              (4 damage)
             ... on level 2 of the Dungeon.
             The game lasted 00:02:47 (1428 turns).

IdlyInterested the Trooper (Demonspawn Fighter)     Turns: 1428, Time: 00:02:47

Health: -2/37      AC:  9    Str: 16    XL:     4   Next: 9%
Magic:  4/4        EV:  7    Int:  8    God:
Gold:   54         SH:  5    Dex: 15    Spells: 3/3 levels left

rFire   . . .        a - +0 long sword
rCold   . . .        c - +0 buckler
rNeg    . . .        m - +0 chain mail
rPois   .            (no helmet)
rElec   .            (no cloak)
rCorr   .            (no gloves)
SInv    .            (no boots)
Will    .....        (no amulet) Stlth
                     (no ring)
HPRegen 0.26/turn    (no ring)
MPRegen 0.09/turn

%: no passive effects
@: no status effects
A: powered by death 2, powered by pain 1
a: no special abilities


You were on level 2 of the Dungeon.
You visited 1 branch of the dungeon, and saw 2 of its levels.

You collected 54 gold pieces.

Inventory:

Hand Weapons
 a - a +0 long sword (weapon)
 h - a +0 spear
Missiles
 k - 18 stones (quivered)
Armour
 b - a +0 scale mail
 c - a +0 buckler (worn)
 m - a +0 chain mail (worn)
Talismans
 n - a flux talisman
Scrolls
 e - a scroll of identify {unknown}
 l - a scroll of teleportation {unknown}
 p - a scroll of torment {unknown}
Potions
 d - a potion of might
 f - a potion of degeneration {unknown}
 g - a potion of mutation {unknown}
 i - a potion of heal wounds {unknown}
 j - a potion of lignification {unknown}
 o - a potion of brilliance {unknown}


   Skills:
 + Level 3.9 Fighting
 - Level 3.0 Long Blades
 - Level 3.0 Armour
 * Level 0.3 Dodging
 - Level 2.6 Shields


You had 3 spell levels left.
You didn't know any spells.
Your spell library contained the following spells:

 Spells                   Type           Power      Damage    Failure   Level
 Cigotuvi's Dreadful Rot  Necr/Pois/Air  0%         N/A       100%        2
 Ignite Poison            Fire/Tmut/Pois 0%         N/A       100%        3
 Freezing Cloud           Conj/Ice/Air   0%         6-21      100%        5


Dungeon Overview and Level Annotations

Branches:
Dungeon (2/15)

Altars:
Trog


Innate Abilities, Weirdness & Mutations

You regenerate health from kills.
You sometimes gain a little power by taking damage.


Message History

You kill the gnoll!
Training target 3.0 for Long Blades reached!
Your Long Blades skill increases to level 3!
You hit the gnoll.
The gnoll is moderately wounded.
You block the gnoll's attack.
You slash the gnoll!
You kill the gnoll!
You have reached level 4!
You feel agile.
Your demonic ancestry asserts itself...
The wave of death grows in power.
You hit the gnoll.
The gnoll is lightly wounded.
You block the gnoll's attack.
The gnoll hits you with a +0 whip of electrocution.
You closely miss the gnoll.
The gnoll is lightly wounded.
The gnoll hits you but does no damage.
You are electrocuted!
You slash the gnoll!
The gnoll is almost dead.
The gnoll hits you with a +0 whip of electrocution.
You are electrocuted!
* * * LOW HITPOINT WARNING * * *
You barely miss the gnoll.
The gnoll is almost dead.
You block the gnoll's attack. The gnoll closely misses you.
You barely miss the gnoll.
The gnoll is almost dead.
The gnoll hits you with a +0 whip of electrocution.
* * * LOW HITPOINT WARNING * * *
You barely miss the gnoll.
The gnoll is almost dead.
The gnoll hits you with a +0 whip of electrocution.
* * * LOW HITPOINT WARNING * * *
Unknown command.
Okay, then.
You hit the gnoll but do no damage.
The gnoll is almost dead.
The gnoll hits you with a +0 whip of electrocution.
You die...

.##.........#
.##.#####.#.#########
.#...# #.#.........## #
.#...####.#.#........ ..
.#..............##.#. .##
........#.#.......## ....
........#.#.....##.#.....
........#......###...#
..........#....(@gg#.
##....#####..#.###...#
......# #..#.# #....$.
..###.# #..#.## .##.##
...##.# #...†.###.##.#
#.# ).....# #.....†...##.
#.# ..###.# ##....######.
#.# ### #.# #.#.## #. #.#
#.# ...... #.##### #.#


You could see 2 gnolls.

Vanquished Creatures
  3 gnolls
  An adder (D:2)
  4 ball pythons (D:1)
  A bat (D:1)
  2 endoplasms
  3 giant cockroaches
  A goblin (D:1)
  A hobgoblin (D:2)
  4 jackals (D:1)
  4 kobolds
  3 quokkas
  3 frilled lizards (D:1)
  7 rats
37 creatures vanquished.

Notes
Turn   | Place    | Note
-------+----------+-------------------------------------------
     0 | D:1      | IdlyInterested the Demonspawn Fighter began the quest for
                  | the Orb.
     0 | D:1      | Reached XP level 1. HP: 18/18 MP: 1/1
   192 | D:1      | Gained mutation: You sometimes gain a little power by
                  | taking damage. [demonic ancestry]
   192 | D:1      | Reached XP level 2. HP: 5/24 MP: 2/2
   622 | D:1      | Gained mutation: You regenerate a little health from kills.
                  | [demonic ancestry]
   622 | D:1      | Reached XP level 3. HP: 29/29 MP: 3/3
   855 | D:1      | You fall into a shaft and drop 1 floor!
  1342 | D:2      | Found a bloodstained altar of Trog.
  1422 | D:2      | Gained mutation: You regenerate health from kills. [demonic
                  | ancestry]
  1422 | D:2      | Reached XP level 4. HP: 37/37 MP: 4/4
  1428 | D:2      | Slain by a gnoll

Illustrated notes

Levels and vault maps discovered:
D:1:      ebering_trefoil_3fold, layout_basic, corexii_hall_statues_i,
          minmay_misc_feat_room, minmay_misc_feat_pillars, minmay_quantized
D:2:      layout_loops_ring, basic_altar

Skill      XL: |  1  2  3 |
---------------+----------+-----
Armour         | 3 |  3.0
Long Blades    | 2 3 |  3.0
Fighting       | |  3.9
Dodging        | |  0.3
Shields        | |  2.6

Action                     |  1- 3 |  4- 6 || total
---------------------------+-------+-------++-------
  Melee: Long sword        |    98 |     7 ||   105
 Armour: Scale mail        |    67 |       ||    67
         Chain mail        |    10 |     6 ||    16
  Dodge: Dodged            |    42 |     1 ||    43
  Block: Buckler           |    18 |     2 ||    20

Table legend: (Time is in decaauts)
 A = Elapsed time spent in this place.
 B = Non-inter-level travel time spent in this place.
 C = Inter-level travel time spent in this place.
 D = Time resting spent in this place.
 E = Time spent auto-exploring this place.
 F = Levels seen in this place.
 G = Mean time per level.
                   A        B        C        D        E       F      G
               +--------+--------+--------+--------+--------+-----+--------+
         Total |   1462 |   1394 |     68 |    128 |    921 |   2 |  731.0 |
       Dungeon |   1462 |   1394 |     68 |    128 |    921 |   2 |  731.0 |
               +--------+--------+--------+--------+--------+-----+--------+

Top non-repeatable levels by time:
     D:1: 1137 daAuts
     D:2: 324 daAuts
